TOP OF THE 1ST |
Pittsburgh Killa Beez batting - Pitching for Fremont Cyclones : RHP José Alvarado
|
Pitching: RHP José Alvarado
|
|
Batting: RHB Gustavo Valle
|
0-0: Ball 1-0: Called Strike 1-1: Ground out 6-3 (Groundball, 6)
|
Batting: RHB Stan Taylor
|
0-0: Ball 1-0: Foul Ball, location: 2F 1-1: Ball 2-1: Ball 3-1: Fly out, F3 (Popup, 3F)
|
Batting: RHB Fernando Vázquez
|
0-0: Ball 1-0: Ball 2-0: Foul Ball, location: 2F 2-1: Ball 3-1: Foul Ball, location: 2F 3-2: Base on Balls
|
Batting: RHB Jorge Barbosa
|
0-0: Called Strike 0-1: Foul Ball, location: 2F 0-2: Ball 1-2: Ball 2-2: Strikes out swinging
|
Top of the 1st over - 0 run(s), 0 hit(s), 0 error(s), 1 left on base; Pittsburgh 0 - Fremont 0 |
BOTTOM OF THE 1ST |
Fremont Cyclones batting - Pitching for Pittsburgh Killa Beez : RHP Pedro Rivera
|
Pitching: RHP Pedro Rivera
|
|
Batting: RHB Jaime Delgado
|
0-0: Swinging Strike 0-1: Ball 1-1: Ball 2-1: SINGLE (Groundball, 34D)
|
Batting: RHB Pablo Pineda
|
0-0: Ball Jaime Delgado steals 2nd base 1-0: Ball 2-0: Ground out 4-3 (Groundball, 4) Jaime Delgado to third
|
Batting: LHB Ernesto Hernández
|
0-0: Ball 1-0: DOUBLE (Line Drive, 7LS) Jaime Delgado scores
|
Batting: LHB Sergio Fernández
|
0-0: Ball 1-0: Called Strike 1-1: Foul Ball, location: 2F 1-2: DOUBLE (Groundball, 3L) Ernesto Hernández scores
|
Batting: RHB Ronald Smith
|
0-0: Ball 1-0: Swinging Strike 1-1: Ball 2-1: Ground out 6-3 (Groundball, 6M) Sergio Fernández to third
|
Batting: LHB Clayton Bailey
|
0-0: Ball 1-0: Ground out 4-3 (Groundball, 4M)
|
Bottom of the 1st over - 2 run(s), 3 hit(s), 0 error(s), 1 left on base; Pittsburgh 0 - Fremont 2 |
TOP OF THE 2ND |
Pittsburgh Killa Beez batting - Pitching for Fremont Cyclones : RHP José Alvarado
|
Batting: RHB Ricardo Rodríguez
|
0-0: DOUBLE (Line Drive, 78M)
|
Batting: RHB César Martínez
|
0-0: Ball 1-0: Ball 2-0: Foul Ball, location: 2F 2-1: Called Strike 2-2: SINGLE (Line Drive, 6MD) Ricardo Rodríguez to third Runner from 3rd tries for Home, SAFE, no throw or cutoff
|
Batting: RHB Salvador Rodríguez
|
0-0: Called Strike 0-1: Ground out 4-3 (Groundball, 4M) César Martínez to second
|
Batting: RHB Steve Stephens
|
0-0: Ball 1-0: Foul Ball, location: 2F 1-1: Fly out, F8 (Flyball, 8RXD) Runner from 2nd tags up, SAFE at 3rd, no throw
|
Batting: RHB Kyle Baylor
|
0-0: Called Strike 0-1: Ball 1-1: Called Strike 1-2: Foul Ball, location: 2F 1-2: Foul Ball, location: 2F 1-2: Ball 2-2: Fly out, F8 (Line Drive, 8RS)
|
Top of the 2nd over - 1 run(s), 2 hit(s), 0 error(s), 1 left on base; Pittsburgh 1 - Fremont 2 |
BOTTOM OF THE 2ND |
Fremont Cyclones batting - Pitching for Pittsburgh Killa Beez : RHP Pedro Rivera
|
Batting: RHB Juan Estrada
|
0-0: Called Strike 0-1: Foul Ball, location: 2F 0-2: Ball 1-2: Ball 2-2: Ball 3-2: Base on Balls
|
Batting: LHB Lou Goeble
|
0-0: Ball 1-0: Ball Juan Estrada steals 2nd base 2-0: Called Strike 2-1: Ball 3-1: Base on Balls
|
Batting: RHB Carlos Rosales
|
0-0: Swinging Strike 0-1: Called Strike 0-2: Foul Ball, location: 2F 0-2: Ball 1-2: Foul Ball, location: 2F 1-2: Ball 2-2: Strikes out swinging
|
Batting: RHB Jaime Delgado
|
0-0: Called Strike Juan Estrada steals 3rd base Lou Goeble to second 0-1: Foul Ball, location: 2F 0-2: Strikes out looking
|
Batting: RHB Pablo Pineda
|
0-0: Foul Ball, location: 2F 0-1: Ball 1-1: Ball 2-1: Swinging Strike 2-2: Strikes out swinging
|
Bottom of the 2nd over - 0 run(s), 0 hit(s), 0 error(s), 2 left on base; Pittsburgh 1 - Fremont 2 |
TOP OF THE 3RD |
Pittsburgh Killa Beez batting - Pitching for Fremont Cyclones : RHP José Alvarado
|
Batting: RHB Gustavo Valle
|
0-0: Called Strike 0-1: Ground out 4-3 (Groundball, 4)
|
Batting: RHB Stan Taylor
|
0-0: Ground out 5-3 (Groundball, 5)
|
Batting: RHB Fernando Vázquez
|
0-0: Ball 1-0: Foul Ball, location: 2F 1-1: Fly out, F8 (Flyball, 8RM)
|
Top of the 3rd over - 0 run(s), 0 hit(s), 0 error(s), 0 left on base; Pittsburgh 1 - Fremont 2 |
BOTTOM OF THE 3RD |
Fremont Cyclones batting - Pitching for Pittsburgh Killa Beez : RHP Pedro Rivera
|
Batting: LHB Ernesto Hernández
|
0-0: Called Strike 0-1: SINGLE (Groundball, 4MD)
|
Batting: LHB Sergio Fernández
|
0-0: Ball 1-0: Foul Ball, location: 2F 1-1: Called Strike 1-2: Strikes out swinging
|
Batting: RHB Ronald Smith
|
0-0: Foul Ball, location: 2F 0-1: Ball 1-1: Ball Ernesto Hernández is caught stealing 2nd base 2-1: Swinging Strike 2-2: Hit by Pitch
|
Batting: LHB Clayton Bailey
|
0-0: Fielders Choice at 2nd, 6-4 (Groundball, 56)
|
Bottom of the 3rd over - 0 run(s), 1 hit(s), 0 error(s), 0 left on base; Pittsburgh 1 - Fremont 2 |
TOP OF THE 4TH |
Pittsburgh Killa Beez batting - Pitching for Fremont Cyclones : RHP José Alvarado
|
Batting: RHB Jorge Barbosa
|
0-0: Ball 1-0: Called Strike 1-1: Ball 2-1: Ball 3-1: Base on Balls
|
Batting: RHB Ricardo Rodríguez
|
0-0: Foul Ball, location: 2F 0-1: Grounds into double play, 5-4-3 (Groundball, 56)
|
Batting: RHB César Martínez
|
0-0: Ball 1-0: Ball 2-0: SINGLE (Line Drive, 56)
|
Batting: RHB Salvador Rodríguez
|
0-0: Called Strike 0-1: Called Strike 0-2: Ball 1-2: Strikes out looking
|
Top of the 4th over - 0 run(s), 1 hit(s), 0 error(s), 1 left on base; Pittsburgh 1 - Fremont 2 |
BOTTOM OF THE 4TH |
Fremont Cyclones batting - Pitching for Pittsburgh Killa Beez : RHP Pedro Rivera
|
Batting: RHB Juan Estrada
|
0-0: Reached on error, E6 (Groundball, 6)
|
Batting: LHB Lou Goeble
|
0-0: Ball Juan Estrada steals 2nd base 1-0: Called Strike 1-1: Swinging Strike 1-2: Strikes out swinging
|
Batting: RHB Carlos Rosales
|
0-0: Ball 1-0: Foul Ball, location: 2F 1-1: Fly out, F7 (Flyball, 7M)
|
Batting: RHB Jaime Delgado
|
0-0: Called Strike 0-1: Swinging Strike 0-2: Ball 1-2: Ball 2-2: Foul Ball, location: 2F 2-2: Strikes out swinging
|
Bottom of the 4th over - 0 run(s), 0 hit(s), 1 error(s), 1 left on base; Pittsburgh 1 - Fremont 2 |
TOP OF THE 5TH |
Pittsburgh Killa Beez batting - Pitching for Fremont Cyclones : RHP José Alvarado
|
Batting: RHB Steve Stephens
|
0-0: Called Strike 0-1: Ball 1-1: Ground out 4-3 (Groundball, 4)
|
Batting: RHB Kyle Baylor
|
0-0: Ball 1-0: Swinging Strike 1-1: Called Strike 1-2: Ball 2-2: Ground out 6-3 (Groundball, 6)
|
Batting: RHB Gustavo Valle
|
0-0: Ball 1-0: Ball 2-0: Called Strike 2-1: Swinging Strike 2-2: Ball 3-2: Foul Ball, location: 2F 3-2: Strikes out looking
|
Top of the 5th over - 0 run(s), 0 hit(s), 0 error(s), 0 left on base; Pittsburgh 1 - Fremont 2 |
BOTTOM OF THE 5TH |
Fremont Cyclones batting - Pitching for Pittsburgh Killa Beez : RHP Pedro Rivera
|
Batting: RHB Pablo Pineda
|
0-0: Ball 1-0: Ground out 6-3 (Groundball, 6)
|
Batting: LHB Ernesto Hernández
|
0-0: Called Strike 0-1: Called Strike 0-2: Ball 1-2: Ball 2-2: Strikes out looking
|
Batting: LHB Sergio Fernández
|
0-0: Ball 1-0: Ball 2-0: Called Strike 2-1: Ball 3-1: Base on Balls
|
Pitching: LHP Bob Franklin
|
|
Batting: RHB Ronald Smith
|
0-0: Called Strike 0-1: Foul Ball, location: 2F 0-2: Strikes out swinging
|
Bottom of the 5th over - 0 run(s), 0 hit(s), 0 error(s), 1 left on base; Pittsburgh 1 - Fremont 2 |
TOP OF THE 6TH |
Pittsburgh Killa Beez batting - Pitching for Fremont Cyclones : RHP José Alvarado
|
Batting: RHB Stan Taylor
|
0-0: Called Strike 0-1: Fly out, F4 (Line Drive, 4)
|
Batting: RHB Fernando Vázquez
|
0-0: Fly out, F1 (Line Drive, 13)
|
Batting: RHB Jorge Barbosa
|
0-0: Called Strike 0-1: Ball 1-1: Hit by Pitch
|
Batting: RHB Ricardo Rodríguez
|
0-0: Ball Jorge Barbosa is caught stealing 2nd base
|
Top of the 6th over - 0 run(s), 0 hit(s), 0 error(s), 0 left on base; Pittsburgh 1 - Fremont 2 |
BOTTOM OF THE 6TH |
Fremont Cyclones batting - Pitching for Pittsburgh Killa Beez : LHP Bob Franklin
|
Batting: LHB Clayton Bailey
|
0-0: Ball 1-0: Ball 2-0: Ball 3-0: Called Strike 3-1: Ground out 4-3 (Groundball, 34)
|
Batting: RHB Juan Estrada
|
0-0: Called Strike 0-1: SOLO HOME RUN (Flyball, 78XD), Distance : 403 ft
|
Batting: LHB Lou Goeble
|
0-0: Ball 1-0: SINGLE (Line Drive, 8RS)
|
Batting: RHB Carlos Rosales
|
0-0: Fly out, F8 (Flyball, 8RM)
|
Batting: RHB Jaime Delgado
|
0-0: 2-RUN HOME RUN (Line Drive, 7D), Distance : 370 ft
|
Pitching: RHP Tomás Vińa
|
|
Batting: RHB Pablo Pineda
|
0-0: Swinging Strike 0-1: Called Strike 0-2: Strikes out swinging
|
Bottom of the 6th over - 3 run(s), 3 hit(s), 0 error(s), 0 left on base; Pittsburgh 1 - Fremont 5 |
TOP OF THE 7TH |
Pittsburgh Killa Beez batting - Pitching for Fremont Cyclones : RHP José Alvarado
|
Batting: RHB Ricardo Rodríguez
|
0-0: Ball 1-0: Called Strike 1-1: Ball 2-1: Ground out 6-3 (Groundball, 6M)
|
Pitching: LHP Robert Griggs
|
|
Batting: RHB César Martínez
|
0-0: Swinging Strike 0-1: SINGLE (Flyball, 8RM)
|
Batting: RHB Salvador Rodríguez
|
0-0: Grounds into double play, 6-4-3 (Groundball, 6M)
|
Top of the 7th over - 0 run(s), 1 hit(s), 0 error(s), 0 left on base; Pittsburgh 1 - Fremont 5 |
BOTTOM OF THE 7TH |
Fremont Cyclones batting - Pitching for Pittsburgh Killa Beez : RHP Tomás Vińa
|
Batting: LHB Ernesto Hernández
|
0-0: Called Strike 0-1: Ball 1-1: Fly out, F9 (Flyball, 9M)
|
Batting: LHB Sergio Fernández
|
0-0: Foul Ball, location: 2F 0-1: Ball 1-1: Ball 2-1: Ball 3-1: Foul Ball, location: 2F 3-2: Base on Balls
|
Batting: RHB Ronald Smith
|
0-0: 2-RUN HOME RUN (Flyball, 9D), Distance : 369 ft
|
Batting: LHB Clayton Bailey
|
0-0: Ball 1-0: Fly out, F8 (Flyball, 8LXD)
|
Batting: RHB Juan Estrada
|
0-0: Ball 1-0: Ball 2-0: Bunt missed! 2-1: Fly out, F8 (Flyball, 8RD)
|
Bottom of the 7th over - 2 run(s), 1 hit(s), 0 error(s), 0 left on base; Pittsburgh 1 - Fremont 7 |
TOP OF THE 8TH |
Pittsburgh Killa Beez batting - Pitching for Fremont Cyclones : LHP Robert Griggs
|
Now at 1B: Nelson Burton
|
|
Batting: RHB Steve Stephens
|
0-0: Ball 1-0: Foul Ball, location: 2F 1-1: Ball 2-1: Ground out 5-3 (Groundball, 56S)
|
Batting: RHB Kyle Baylor
|
0-0: Called Strike 0-1: Ball 1-1: Called Strike 1-2: Ground out 5-3 (Groundball, 5)
|
Batting: RHB Gustavo Valle
|
0-0: Ball 1-0: Called Strike 1-1: Ground out 6-3 (Groundball, 6M)
|
Top of the 8th over - 0 run(s), 0 hit(s), 0 error(s), 0 left on base; Pittsburgh 1 - Fremont 7 |
BOTTOM OF THE 8TH |
Fremont Cyclones batting - Pitching for Pittsburgh Killa Beez : RHP Tomás Vińa
|
Batting: LHB Lou Goeble
|
0-0: Ball 1-0: Called Strike 1-1: Ball 2-1: Ball 3-1: Foul Ball, location: 2F 3-2: SINGLE (Flyball, 8LS)
|
Batting: RHB Carlos Rosales
|
0-0: Called Strike 0-1: Bunted foul 0-2: SINGLE (Line Drive, 5D) Lou Goeble to second
|
Batting: RHB Jaime Delgado
|
0-0: Ball 1-0: Sac Bunt - play at first, batter OUT! 1-4 Lou Goeble to third Carlos Rosales to second
|
Batting: RHB Pablo Pineda
|
0-0: Ball 1-0: SINGLE (Groundball, 4MD) Lou Goeble scores Carlos Rosales to third
|
Batting: LHB Ernesto Hernández
|
0-0: Swinging Strike 0-1: Ball 1-1: Ball 2-1: Ball 3-1: Called Strike 3-2: Base on Balls Pablo Pineda to second
|
Batting: RHB Nelson Burton
|
0-0: Ball 1-0: Called Strike 1-1: Called Strike 1-2: SINGLE (Line Drive, 6MD) Carlos Rosales scores Pablo Pineda to third Ernesto Hernández to second Runner from 3rd tries for Home, SAFE, no throw or cutoff
|
Pitching: RHP Joe Watson
|
|
Batting: RHB Ronald Smith
|
0-0: Ball 1-0: Ball 2-0: Fly out, F3 (Popup, 3L)
|
Batting: LHB Clayton Bailey
|
0-0: Swinging Strike 0-1: Called Strike 0-2: Ball 1-2: Fly out, F5 (Popup, 56S)
|
Bottom of the 8th over - 3 run(s), 4 hit(s), 0 error(s), 2 left on base; Pittsburgh 1 - Fremont 10 |
TOP OF THE 9TH |
Pittsburgh Killa Beez batting - Pitching for Fremont Cyclones : LHP Robert Griggs
|
Batting: RHB Stan Taylor
|
0-0: Ball 1-0: Called Strike 1-1: Ball 2-1: Ground out 4-3 (Groundball, 4)
|
Batting: RHB Fernando Vázquez
|
0-0: Ball 1-0: SINGLE (Groundball, 4MD)
|
Batting: RHB Jorge Barbosa
|
0-0: Foul Ball, location: 2F 0-1: Ball 1-1: Ball 2-1: Ball 3-1: Foul Ball, location: 2F 3-2: Foul Ball, location: 2F 3-2: Strikes out swinging
|
Batting: RHB Ricardo Rodríguez
|
0-0: Ball 1-0: SINGLE (Line Drive, 6M) Fernando Vázquez to second
|
Batting: RHB César Martínez
|
0-0: Fly out, F5 (Line Drive, 5S)
|
Top of the 9th over - 0 run(s), 2 hit(s), 0 error(s), 2 left on base; Pittsburgh 1 - Fremont 10 |
|